 Dungeon Crawl Stone Soup version 0.29-a0-887-gcbe080d7e0 (webtiles) character file.

Game seed: 1750620801297687065

220 mcwallace the Shooter (level 5, -1/31 HPs)
             Began as a Deep Elf Hunter on July 21, 2022.
             Slain by a kobold
             ... wielding a +0 whip
              (5 damage)
             ... in a sewer.
             The game lasted 00:05:53 (2124 turns).

mcwallace the Shooter (Deep Elf Hunter)             Turns: 2124, Time: 00:05:53

Health: -1/31      AC:  4    Str:  8    XL:     5   Next: 64%
Magic:  10/11      EV: 13    Int: 16    God:
Gold:   70         SH:  5    Dex: 18    Spells: 9/9 levels left

rFire   . . .      SeeInvis .   r - +4 dagger {short}
rCold   . . .      Faith    .   (no shield)
rNeg    . . .      Spirit   .   c - +0 leather armour
rPois   .          Reflect  +   (no helmet)
rElec   .          Harm     .   f - +0 cloak
rCorr   .          Rampage  .   (no gloves)
Will    .....                   (no boots)
Stlth   +.........              p - amulet of reflection
HPRegen 0.10/turn               (no ring)
MPRegen 0.12/turn               (no ring)

@: mighty, very slow
A: no striking features
a: no special abilities


You were in a sewer.
You visited 1 branch of the dungeon, and saw 3 of its levels.
You also visited: Sewer.

You collected 70 gold pieces.


   Skills:
 + Level 2.5 Fighting
 + Level 1.3 Axes
 + Level 6.2 Ranged Weapons
 + Level 3.7 Dodging
 - Level 1.2 Stealth
 + Level 2.9 Spellcasting
 + Level 1.9 Conjurations


You had 9 spell levels left.
You didn't know any spells.
Your spell library contained the following spells:

 Spells                   Type           Power      Damage    Failure   Level
 Foxfire                  Conj/Fire      20%        2x1d5     19%         1
 Sandblast                Erth           4%         2d4       28%         1
 Passwall                 Tmut/Erth      1%         N/A       38%         2
 Conjure Flame            Conj/Fire      5%         6-21      50%         3
 Dazzling Flash           Conj/Hex       10%        N/A       50%         3
 Stone Arrow              Conj/Erth      10%        3d7       50%         3
 Inner Flame              Hex/Fire       2%         N/A       63%         3
 Flame Wave               Conj/Fire      5%         2d5       88%         4
 Iskenderun's Mystic Bla  Conj/Tloc      5%         2d3       88%         4
 Iskenderun's Battlesphe  Conj           8%         2d6       98%         5
 Fireball                 Conj/Fire      2%         3d4       99%         5
 Conjure Ball Lightning   Conj/Air       2%         3x3d6     100%        6
 Starburst                Conj/Fire      2%         6d3       100%        6
 Orb of Destruction       Conj           4%         9d5       100%        7

Inventory:

Hand Weapons
 a - a +0 shortbow {bow}
 j - a +2 antimagic dagger {short}
   (You found it on level 1 of the Dungeon)
 r - a +4 dagger (weapon) {short}
   (You took it off a kobold on level 3 of the Dungeon)
Missiles
 e - 8 stones {throwing}
 h - 6 poisoned darts {throwing}
Armour
 c - a +0 leather armour (worn)
 f - a +0 cloak (worn)
   (You found it on level 1 of the Dungeon)
Jewellery
 p - an amulet of reflection (around neck)
   (You found it on level 2 of the Dungeon)
Scrolls
 b - a scroll of immolation {!r!r}
 g - 2 scrolls of identify {unknown}
 i - a scroll of teleportation {@r4}
 o - a scroll of fear {unknown}
 q - a scroll of summoning {unknown}
 t - a scroll of silence {unknown}
Potions
 d - a potion of haste {@q3}
 k - a potion of heal wounds {unknown}
 m - a potion of magic {unknown}
 n - a potion of degeneration {unknown}
 s - 2 potions of invisibility {unknown}

Dungeon Overview and Level Annotations

Branches:
Dungeon (3/15) Zot: 16199   Sewer (1/1) Zot: 5627

Altars:
Makhleb

#### #####..##
#...#....
##########...#.... ####
#......##.........
#....#P........P.......
#.!..)@≈.≈.......≈≈≈≈..
#.∩..)K≈≈≈...≈≈≈P≈≈≈≈≈P
#.!.!#≈≈≈P...P≈≈≈≈≈≈≈≈≈
######≈##########≈≈≈≈##
≈≈≈≈ ≈≈≈≈≈≈≈ #≈≈≈≈
≈≈≈≈≈≈≈≈ #≈≈≈≈ ≈≈≈≈
#####


You could see a kobold.


Message History

The kobold brigand is wielding a +0 dagger and quivering poisoned darts.
A kobold is wielding a +0 dagger and quivering poisoned darts.
The kobold shouts! x2; The kobold brigand shouts!
The kobold shouts! x3
Found 2 fizzy cyan potions and 2 puce potions.
Found a gate leading back out of this place.
You hit the kobold. You punch the kobold.
You kill the kobold!
Your unstable footing causes you to fumble your attack.
The kobold hits you with a +0 club.
The kobold brigand hits you with a +0 dagger. 😮 HP[-9]
You take 9 damage, and now have 22/31 hp.
MASSIVE DAMAGE!! (PAUSE)
You hit the kobold.
You kill the kobold!
You block the kobold brigand's attack.
Your unstable footing causes you to fumble your attack.
The kobold throws a stone.
The stone hits you. The kobold brigand closely misses you.
The kobold throws a stone.
The stone hits you but does no damage. 😮 HP[-1]
You take 1 damage, and now have 21/31 hp.
You hit the kobold.
You kill the kobold!
You hear a splash. x2
You block the kobold brigand's attack.
The kobold throws a stone.
The stone misses you.
You hit the kobold brigand.
The kobold brigand hits you with a +0 dagger. 😮 HP[-2]
You take 2 damage, and now have 19/31 hp.
You hit the kobold brigand.
The kobold brigand hits you with a +0 dagger. 😮 HP[-3]
You take 3 damage, and now have 16/31 hp.
You hit the kobold brigand.
The kobold splashes around in the water.
The kobold brigand barely misses you.
The kobold hits you with a +0 short sword.
* * * LOW HITPOINT WARNING * * *
😨 HP[-1]
You take 1 damage, and now have 15/31 hp.
You hit the kobold brigand. The kobold closely misses you.
The kobold brigand hits you but does no damage.
You block the kobold's attack.
You closely miss the kobold brigand.
The kobold splashes around in the water.
The kobold brigand hits you with a +0 dagger.
* * * LOW HITPOINT WARNING * * *
The kobold hits you but does no damage. 😨 HP[-5]
You take 5 damage, and now have 10/31 hp.
You closely miss the kobold brigand. You block the kobold's attack.
The kobold brigand hits you with a +0 dagger.
* * * LOW HITPOINT WARNING * * *
The kobold hits you with a +0 short sword.
* * * LOW HITPOINT WARNING * * *
😱 HP[-6]
You take 6 damage, and now have 4/31 hp.
You feel very mighty all of a sudden.
The kobold splashes around in the water.
You block the kobold brigand's attack. The kobold barely misses you.
You hit the kobold brigand. The kobold closely misses you.
You block the kobold brigand's attack. The kobold closely misses you.
Your unstable footing causes you to fumble your attack.
You block the kobold's attack. The kobold brigand barely misses you.
You block the kobold's attack.
You barely miss the kobold brigand. You block the kobold's attack.
The kobold brigand closely misses you. The kobold barely misses you.
You completely miss the kobold brigand.
The kobold splashes around in the water.
The kobold brigand closely misses you. The kobold closely misses you.
You puncture the kobold brigand!
The kobold splashes around in the water.
The kobold brigand hits you but does no damage.
The kobold barely misses you.
Your unstable footing causes you to fumble your attack.
The kobold splashes around in the water.
The kobold brigand barely misses you.
The kobold hits you with a +0 short sword.
* * * LOW HITPOINT WARNING * * *
😱 HP[-1]
You take 1 damage, and now have 3/31 hp.
You puncture the kobold brigand!
You kill the kobold brigand!
The kobold closely misses you. x2
Your unstable footing causes you to fumble your attack.
The kobold splashes around in the water.
The kobold barely misses you.
Your unstable footing causes you to fumble your attack.
The kobold misses you. The kobold closely misses you. 😱 HP[+1]
Your unstable footing causes you to fumble your attack.
The kobold hits you but does no damage. The kobold barely misses you.
Your unstable footing causes you to fumble your attack.
The kobold splashes around in the water.
The kobold hits you but does no damage.
You puncture the kobold!
You kill the kobold!
The kobold hits you with a +0 whip.
You die...

Skill      XL: |  1  2  3  4 |
---------------+-------------+-----
Spellcasting   | 1 2 |  2.9
Fighting       | 2 |  2.5
Dodging        | 3 |  3.7
Conjurations   | 1 |  1.9
Axes           | 1 |  1.3
Ranged Weapons | 6 |  6.2
Stealth        | |  1.2

Action                   |  1- 3 |  4- 6 || total
-------------------------+-------+-------++-------
Melee: Dagger            |       |    68 ||    68
       Punch             |       |     2 ||     2
 Fire: Shortbow          |    99 |    44 ||   143
  Use: Potion            |       |     4 ||     4
       Scroll            |       |     1 ||     1
 Stab: Sleeping          |       |     1 ||     1
Armor: Leather armour    |     5 |    26 ||    31
Dodge: Dodged            |    20 |    69 ||    89
Block: Other             |     2 |    31 ||    33
       Reflection        |       |     1 ||     1

Levels and vault maps discovered:
D:1:      minmay_arrival_nine_rooms, layout_basic,
          shapermc_ecumenical_altar_mp_highgroup
D:2:      layout_basic, cheibrodos_gnoll_hut
D:3:      layout_loops_ring, lightli_temple_of_fire, lightli_sewer_entry_pipes
Sewer:    kennysheep_pipe_town

Notes
Turn   | Place    | Note
-------+----------+-------------------------------------------
     0 | D:1      | mcwallace the Deep Elf Hunter began the quest for the Orb.
     0 | D:1      | Reached XP level 1. HP: 12/12 MP: 3/3
     0 | D:1      | magus.rc [v1.9.6]
   144 | D:1      | Reached skill level 1 in Spellcasting
   145 | D:1      | Reached XP level 2. HP: 15/17 MP: 5/5
   350 | D:1      | You pick up a book of Spectacle and begin reading...
   350 | D:1      | You add the spells Dazzling Flash, Iskenderun's Mystic
                  | Blast and Starburst to your library.
   379 | D:1      | Reached skill level 2 in Fighting
   414 | D:1      | Found a faded altar of an unknown god.
   431 | D:1      | You pick up a book of the Spheres and begin reading...
   431 | D:1      | You add the spells Iskenderun's Battlesphere, Fireball,
                  | Conjure Ball Lightning and Orb of Destruction to your
                  | library.
   458 | D:1      | Reached XP level 3. HP: 21/21 MP: 7/7
   471 | D:1      | Reached skill level 3 in Dodging
   720 | D:2      | You pick up a book of Flames and begin reading...
   720 | D:2      | You add the spells Foxfire, Conjure Flame, Inner Flame and
                  | Flame Wave to your library.
   801 | D:2      | Reached skill level 2 in Spellcasting
  1276 | D:2      | You pick up a book of Geomancy and begin reading...
  1276 | D:2      | You add the spells Sandblast, Passwall and Stone Arrow to
                  | your library.
  1377 | D:2      | Reached XP level 4. HP: 23/26 MP: 9/9
  1514 | D:3      | Found a burning altar of Makhleb.
  1554 | D:3      | Reached skill level 1 in Conjurations
  1762 | D:3      | Reached skill level 1 in Axes
  1763 | D:3      | Found a glowing drain.
  1768 | Sewer    | Entered a sewer
  1933 | Sewer    | Reached skill level 6 in Ranged Weapons
  1944 | Sewer    | Reached XP level 5. HP: 31/31 MP: 10/10
  2111 | Sewer    | HP: 5/31 [kobold brigand/+0 dagger (6)]
  2118 | Sewer    | HP: 3/31 [kobold/+0 short sword (1)]
  2124 | Sewer    | Slain by a kobold

Vanquished Creatures
  A kobold brigand (Sewer)
  2 gnolls
  A river rat (D:3)
  5 adders
  2 worms (D:3)
  A dart slug (D:1)
  9 bats
  7 endoplasms
  3 giant cockroaches (D:1)
  5 goblins
  4 hobgoblins
  2 jackals (D:2)
  14 kobolds
  2 quokkas (D:1)
  5 ball pythons
  2 frilled lizards
  5 rats
70 creatures vanquished.

Vanquished Creatures (others)
  A fungus (Sewer)
  2 plants (Sewer)
3 creatures vanquished.

Grand Total: 73 creatures vanquished

Table legend:
 A = Non-vault XP
 B = Vault XP
 C = Vault XP percentage of total XP
 D = Non-vault monster count
 E = Vault monster count
 F = Vault count percentage of total count
                 A         B        C        D         E       F
            +---------+---------+-------+---------+---------+-------
      Total |      94 |     223 |  70.3 |      40 |      30 |  42.9
            +---------+---------+-------+---------+---------+-------
        D:1 |      55 |       0 |   0.0 |      23 |       0 |   0.0
        D:2 |      36 |      19 |  34.5 |      15 |       3 |  16.7
        D:3 |       3 |      78 |  96.3 |       2 |       8 |  80.0
      Sewer |       0 |     126 | 100.0 |       0 |      19 | 100.0
            +---------+---------+-------+---------+---------+-------

Illustrated notes

Table legend:
 A = Kills in this place as a percentage of kills in entire the game.
 B = Kills by you in this place as a percentage of kills by you in the entire game.
 C = Kills by friends in this place as a percentage of kills by friends in the entire game.
 D = Other kills in this place as a percentage of other kills in the entire game.
 E = Experience gained in this place as a percentage of experience gained in the entire game.
 F = Experience gained in this place divided by the number of levels of this place that you have seen.
                   A       B       C       D       E      F
               +-------+-------+-------+-------+-------+----------------------
         Total | 100.0 | 100.0 |   N/A |   N/A | 100.0 |  79.2
       Dungeon |  72.9 |  72.9 |   N/A |   N/A |  60.3 |  63.7
         Sewer |  27.1 |  27.1 |   N/A |   N/A |  39.7 | 126.0
               +-------+-------+-------+-------+-------+----------------------

Table legend: (Time is in decaauts)
 A = Elapsed time spent in this place.
 B = Non-inter-level travel time spent in this place.
 C = Inter-level travel time spent in this place.
 D = Time resting spent in this place.
 E = Time spent auto-exploring this place.
 F = Levels seen in this place.
 G = Mean time per level.
                   A        B        C        D        E       F      G
               +--------+--------+--------+--------+--------+-----+--------+
         Total |   2172 |   2134 |     38 |    143 |   1396 |   4 |  543.0 |
       Dungeon |   1800 |   1762 |     38 |      0 |   1280 |   3 |  600.0 |
         Sewer |    371 |    371 |      0 |    143 |    116 |   1 |  371.0 |
               +--------+--------+--------+--------+--------+-----+--------+

Top non-repeatable levels by time:
     D:2: 862 daAuts
     D:1: 661 daAuts
   Sewer: 371 daAuts
     D:3: 276 daAuts
